 Dungeon Crawl Stone Soup version 0.23.0-3-gf3c87f2 (webtiles) character file.

Game seed: 11819021573827932679

6118 sking99 the Fighter (level 10, -3/110 HPs)
             Began as an Ogre Transmuter on Feb 24, 2019.
             Was a Priest of Wu Jian.
             Slain by a six-headed hydra (13 damage)
             ... on level 10 of the Dungeon.
             The game lasted 00:46:12 (15246 turns).

sking99 the Fighter (Ogre Transmuter)              Turns: 15246, Time: 00:46:13

Health: -3/110     AC:  3    Str: 16    XL:     10   Next: 89%
Magic:  12/16      EV: 12    Int: 17    God:    Wu Jian [***...]
Gold:   817        SH:  0    Dex:  9    Spells: 8/18 levels left

rFire    + . .     SeeInvis .     - Unarmed
rCold    + + .     Gourm    .   (no shield)
rNeg     . . .     Faith    .   b - +0 robe
rPois    .         Spirit   .   (helmet restricted)
rElec    .         Reflect  .   k - scarf {rC+ rF+}
rCorr    .         Harm     .   (gloves unavailable)
MR       +....                  (boots unavailable)
Stlth    +.........             (no amulet)
HPRegen  0.28/turn              i - ring of protection from cold
MPRegen  0.15/turn              w - ring of flight

@: hasted, very quick
A: large, unfitting armour, tough skin 1
a: Wall Jump, Serpent's Lash, Renounce Religion, Evoke Flight


You were on level 10 of the Dungeon.
You worshipped Wu Jian.
Wu Jian was most pleased with you.
You were hungry.

You visited 1 branch of the dungeon, and saw 10 of its levels.
You also visited: Ossuary.

You collected 817 gold pieces.

Inventory:

Missiles
 a - 152 arrows (quivered)
Armour
 b - a +0 robe (worn)
 k - a scarf of resistance (worn)
 z - a +1 cloak
Jewellery
 i - a ring of protection from cold (left hand)
 l - an uncursed amulet of guardian spirit
 w - a ring of flight (right hand)
Wands
 p - a wand of disintegration (33)
 r - a wand of random effects (52)
Scrolls
 c - 2 scrolls of enchant armour {unknown}
 e - 13 scrolls of remove curse
 h - 5 scrolls of teleportation
 n - 2 scrolls of fog {unknown}
 t - a scroll of identify
 u - 2 scrolls of fear {unknown}
 A - a scroll of blinking {unknown}
 B - 2 scrolls of amnesia {unknown}
 C - 2 scrolls of magic mapping
Potions
 f - 3 potions of agility
 g - 3 potions of haste
 j - 5 potions of curing
 m - a potion of mutation
 o - a potion of brilliance {unknown}
 q - a potion of flight {unknown}
 s - 3 potions of lignification
 x - 2 potions of magic
Comestibles
 d - 13 rations


   Skills:
 + Level 10.2 Fighting
 - Level 6.4 Dodging
 - Level 9.7 Unarmed Combat
 + Level 4.6 Spellcasting
 + Level 4.5 Transmutations
 + Level 3.0 Ice Magic
 - Level 1.0 Poison Magic


You had 8 spell levels left.
You knew the following spells:

 Your Spells              Type           Power        Failure   Level  Hunger
a - Beastly Appendage     Tmut           ###...       2%          1    None
b - Sticks to Snakes      Tmut           ###.....     3%          2    ##.....
c - Spider Form           Tmut/Pois      ##........   14%         3    ###....
d - Ice Form              Ice/Tmut       ###.....     30%         4    ####...

Your spell library contained the following spells:

 Spells                   Type           Power        Failure   Level  Hunger
 Ensorcelled Hibernation  Hex/Ice        #.....       12%         2    ##.....
 Corona                   Hex            #......      16%         1    None
 Confuse                  Hex            #.......     41%         3    ###....
 Dazzling Spray           Conj/Hex       #.....       41%         3    ###....
 Tukima's Dance           Hex            #.......     41%         3    ###....
 Blade Hands              Tmut           ###.......   54%         5    ######.


Dungeon Overview and Level Annotations

Branches:
Dungeon (10/15)            Temple (0/1) D:5
   Lair: D:8-11         Orc: D:9-12

Altars:
Cheibriados
Dithmenos
Fedhas
Nemelex Xobeh
Okawaru
Ru
Uskayaw
Wu Jian
The Shining One

Shops:
D:8 [


Innate Abilities, Weirdness & Mutations

You are too large for most types of armour.
You have tough skin. (AC +1)


Message History

Your ball python bites the six-headed hydra.
Your ball python barely misses the six-headed hydra.
You are too exhausted to lash out.
Your adder bites the six-headed hydra.
Your ball python bites the six-headed hydra.
You are too exhausted to lash out.
Your ball python bites the six-headed hydra. x2
Your ball python bites the six-headed hydra.
You feel less exhausted.
Okay, then.
The puff of flame hits your adder.
Your adder dies!
There is a stone staircase leading up here.
You feel yourself speed up. The six-headed hydra bites you!
* * * LOW HITPOINT WARNING * * *
The six-headed hydra closely misses you.
The six-headed hydra bites you!
* * * LOW HITPOINT WARNING * * *
The six-headed hydra barely misses you. The six-headed hydra bites you!
You die...

###
#########
#.#
#.......#
#.#
#.......#
#.#
#.......#
#.#
#.......#
#.#
#.......#
#.#
#.......#
#@#
#.......#
#D#
#.......#
#S#
#.......#
#S#
#S......#
#S#
#.S###....
#.####..#
....
#...SS..#
...
#.......#
##
#.......#


You could see a six-headed hydra and 3 friendly ball pythons.

Vanquished Creatures
  A two-headed ogre (D:9)
  A centaur skeleton (D:10)
  A hippogriff (D:8)
  Eustachio (D:6)
  2 ice beasts
  Duvessa (D:5)
  An orc warrior (D:7)
  2 sky beasts
  A phantom (D:5)
  9 ogres
  A centaur (D:6)
  A big kobold (D:9)
  6 bullfrogs
  Dowan (D:5)
  5 scorpions
  A wyvern skeleton (D:6)
  9 killer bees
  A howler monkey (D:6)
  12 crimson imps
  2 bullfrog zombies (D:5)
  4 hounds
  4 bullfrog skeletons
  7 orc wizards
  A gnoll shaman (D:5)
  7 orc priests
  Terence (D:3)
  Natasha (thrice) (D:2)
  7 iguanas
  7 worker ants
  3 hound zombies
  2 hound skeletons
  2 howler monkey zombies (D:6)
  6 mummies (Ossuary)
  3 worker ant zombies (D:5)
  Robin (D:2)
  8 adders
  7 gnolls
  3 shadow imps
  3 oozes
  4 adder zombies
  An adder skeleton (D:5)
  A worm (D:3)
  2 dart slugs
  7 leopard geckos
  27 orcs
  4 ball pythons
  8 bats
  5 giant cockroaches
  20 goblins
  12 hobgoblins
  15 jackals
  11 kobolds
  4 quokkas
  A ball python skeleton (D:5)
  A ball python zombie (D:5)
  6 frilled lizards
  A giant cockroach zombie (D:5)
  2 hobgoblin zombies (Ossuary)
  3 kobold zombies (Ossuary)
  3 leopard gecko skeletons
  A leopard gecko zombie (D:5)
  An orc zombie (Ossuary)
  3 quokka zombies
  12 rats
293 creatures vanquished.

Vanquished Creatures (collateral kills)
  A big kobold zombie (Ossuary)
  2 mummies (Ossuary)
  2 orcs (D:8)
  A hobgoblin zombie (Ossuary)
  A quokka skeleton (D:10)
7 creatures vanquished.

Grand Total: 300 creatures vanquished

Notes
Turn   | Place    | Note
-------+----------+-------------------------------------------
     0 | D:1      | sking99 the Ogre Transmuter began the quest for the Orb.
     0 | D:1      | Reached XP level 1. HP: 19/19 MP: 3/3
   288 | D:1      | Reached XP level 2. HP: 22/28 MP: 5/5
   369 | D:1      | Reached skill level 2 in Fighting
   450 | D:1      | Learned a level 2 spell: Sticks to Snakes
   707 | D:1      | Reached XP level 3. HP: 36/36 MP: 4/6
   712 | D:1      | Learned a level 3 spell: Spider Form
  1199 | D:2      | Reached skill level 1 in Poison Magic
  1545 | D:2      | Reached XP level 4. HP: 40/44 MP: 3/7
  1654 | D:2      | Noticed Natasha
  1664 | D:2      | Noticed Robin
  1666 | D:2      | Killed Natasha
  1671 | D:2      | Noticed Natasha
  2053 | D:2      | Killed Robin
  2282 | D:2      | Reached XP level 5. HP: 48/50 MP: 8/8
  2338 | D:2      | Killed Natasha
  2487 | D:2      | Noticed Natasha
  2503 | D:2      | Killed Natasha
  2503 | D:2      | Reached skill level 3 in Fighting
  2909 | D:3      | Reached XP level 6. HP: 39/61 MP: 4/9
  3256 | D:3      | Found a shadowy altar of Dithmenos.
  3635 | D:3      | Noticed Terence
  3646 | D:3      | Killed Terence
  3983 | D:3      | Reached skill level 4 in Fighting
  4315 | D:4      | Found a blossoming altar of Fedhas.
  4315 | D:4      | Found an ornate altar of the Wu Jian Council.
  4322 | D:4      | Found a sparkling altar of Nemelex Xobeh.
  4324 | D:4      | Found a hide-covered altar of Uskayaw.
  4328 | D:4      | Found a snail-covered altar of Cheibriados.
  4413 | D:4      | Became a worshipper of the Wu Jian Council
  4573 | D:4      | Reached skill level 5 in Unarmed Combat
  4573 | D:4      | Reached XP level 7. HP: 54/70 MP: 2/10
  5320 | D:5      | Entered Level 5 of the Dungeon
  5480 | D:5      | Found a staircase to the Ecumenical Temple.
  5689 | D:5      | Reached skill level 5 in Fighting
  5786 | D:5      | Reached XP level 8. HP: 40/81 MP: 8/11
  5984 | D:5      | Found an iron altar of Okawaru.
  5987 | D:5      | Noticed Dowan
  5987 | D:5      | Noticed Duvessa
  6004 | D:5      | Killed Duvessa
  6007 | D:5      | Killed Dowan
  6007 | D:5      | Reached * piety under Wu Jian
  6230 | D:5      | Reached skill level 6 in Fighting
  7161 | D:6      | Reached skill level 7 in Fighting
  7237 | D:6      | Reached skill level 5 in Dodging
  7237 | D:6      | Reached XP level 9. HP: 52/93 MP: 2/12
  7500 | D:6      | Reached ** piety under Wu Jian
  8287 | D:6      | Noticed Eustachio
  8374 | D:6      | Reached skill level 8 in Fighting
  8595 | D:6      | Killed Eustachio
  8839 | D:7      | Found a sand-covered staircase.
  8846 | Ossuary  | Entered an ossuary
  9319 | D:7      | Reached *** piety under Wu Jian
  9646 | D:7      | Found a glowing golden altar of the Shining One.
  9782 | D:7      | Reached XP level 10. HP: 99/106 MP: 13/13
 10042 | D:7      | Reached skill level 9 in Fighting
 11229 | D:7      | Learned a level 4 spell: Ice Form
 11450 | D:8      | Found Jazakhos's Armour Shoppe.
 11541 | D:8      | Found a sacrificial altar of Ru.
 12251 | D:8      | Reached skill level 1 in Ice Magic
 12556 | D:9      | Noticed a two-headed ogre
 14136 | D:9      | Killed a two-headed ogre
 14136 | D:9      | Reached skill level 10 in Fighting
 14842 | D:10     | Entered Level 10 of the Dungeon
 14843 | D:10     | Noticed a six-headed hydra
 14860 | D:10     | Noticed a gargoyle
 15246 | D:10     | Slain by a six-headed hydra

Skill      XL: |  1  2  3  4  5  6  7  8  9 10 |
---------------+-------------------------------+-----
Unarmed Combat | 3 4 5 6 7 9 |  9.7
Fighting       | 2 3 4 5 7 8 10 | 10.2
Transmutations | 2 3 4 |  4.5
Poison Magic   | 1 |  1.0
Dodging        | 2 3 5 6 |  6.4
Ice Magic      | 3 |  3.0
Spellcasting   | 4 |  4.6

Action                   |  1- 3 |  4- 6 |  7- 9 | 10-12 || total
-------------------------+-------+-------+-------+-------++-------
Melee: Unarmed           |   161 |   208 |   528 |   286 ||  1183
       Kick              |     8 |       |       |       ||     8
       Headbutt          |     7 |       |       |       ||     7
       Punch             |     1 |     2 |     7 |     4 ||    14
 Cast: Beastly Appendage |    26 |       |       |       ||    26
       Spider Form       |       |    22 |    32 |     5 ||    59
       Sticks to Snakes  |       |     4 |     3 |    26 ||    33
Invok: Lunge             |       |     1 |    55 |    26 ||    82
       Whirlwind         |       |       |    23 |    24 ||    47
       Serpent's Lash    |       |       |       |     6 ||     6
 Abil: Wall Jump         |       |       |     2 |     3 ||     5
  Use: Scroll            |       |     5 |    10 |       ||    15
       Potion            |       |     1 |       |     5 ||     6
 Stab: Paralysed         |       |       |       |     1 ||     1
  Eat: Chunk             |     3 |    13 |    13 |     8 ||    37
       Ration            |       |       |     3 |     3 ||     6
Armor: Robe              |    47 |    21 |    43 |    40 ||   151
       Skin              |       |     3 |    10 |     2 ||    15
Dodge: Dodged            |    72 |   120 |   267 |   182 ||   641
